 Dungeon Crawl Stone Soup version 0.26-a0-962-g9b92081034 (webtiles) character file.

Game seed: 4936454968891238933

5604 KristoblXynda the Carver (level 10, -7/86 HPs)
             Began as a White Draconian Gladiator on Dec 2, 2020.
             Was an Initiate of Ashenzari.
             Killed from afar by Joseph (28 damage)
             ... with a bolt of acid
             ... on level 8 of the Dungeon.
             The game lasted 00:11:55 (8167 turns).

KristoblXynda the Carver (DrGl)                     Turns: 8167, Time: 00:11:56

Health: -7/86      AC:  7    Str: 18    XL:     10   Next: 45%
Magic:  10/10      EV: 16    Int: 11    God:    Ashenzari [......]
Gold:   490        SH: 10    Dex: 12    Spells: 9/9 levels left

rFire    . . .     SeeInvis .   a - +0 long sword
rCold    + . .     Faith    .   k - +0 buckler
rNeg     . . .     Spirit   .   (armour unavailable)
rPois    .         Reflect  +   C - +1 hat
rElec    .         Harm     .   l - +0 cloak
rCorr    .         Rampage  .   (no gloves)
MR       +....                  o - +1 pair of boots
Stlth    +.........             b - amulet of reflection (curse)
HPRegen  0.24/turn              r - +4 ring of slaying (curse)
MPRegen  0.12/turn              g - ring of protection from magic

@: corroded
A: breathe frost, unfitting armour, cold resistance 1, cold-blooded, AC +7
a: Breathe Frost, Curse Item, Renounce Religion


You were on level 8 of the Dungeon.
You worshipped Ashenzari.
Ashenzari was noncommittal.
You visited 2 branches of the dungeon, and saw 9 of its levels.
You also visited: Sewer.

You collected 490 gold pieces.

Inventory:

Hand Weapons
 a - a +0 long sword (weapon)
Missiles
 c - 4 throwing nets (quivered)
Armour
 k - a +0 buckler (worn)
 l - a +0 cloak (worn)
 o - a +1 pair of boots (worn)
 C - a +1 hat (worn)
Jewellery
 b - a cursed amulet of reflection (around neck)
 g - a ring of protection from magic (right hand)
 r - a cursed +4 ring of slaying (left hand)
 y - a +6 ring of intelligence
 D - an uncursed ring of magical power
Wands
 e - a wand of iceblast (11)
 s - a wand of acid (16)
Scrolls
 f - a scroll of fog
 h - a scroll of enchant armour
 i - a scroll of remove curse
 j - 3 scrolls of amnesia
 n - 5 scrolls of teleportation
 t - 2 scrolls of magic mapping
Potions
 d - 4 potions of flight
 m - a potion of lignification
 p - 3 potions of haste
 q - 4 potions of attraction {unknown}
 u - a potion of resistance {unknown}
 v - a potion of ambrosia
 w - 2 potions of brilliance
 x - 2 potions of curing
 z - a potion of cancellation {unknown}
 B - a potion of mutation {unknown}
 E - a potion of might {unknown}


   Skills:
 + Level 7.5 Fighting
 + Level 10.9 Long Blades
 - Level 2.0 Throwing
 + Level 7.7 Dodging
 - Level 4.0 Shields
 + Level 2.9 Evocations


You had 9 spell levels left.
You didn't know any spells.
Your spell library was empty.

Dungeon Overview and Level Annotations

Branches:
Dungeon (8/15)             Temple (1/1) D:7            Lair (0/6) D:8
  Sewer (visited)

Altars:
Ashenzari
Cheibriados
Dithmenos
Elyvilon
Fedhas
Gozag
Hepliaklqana
Kikubaaqudgha
Makhleb
Nemelex Xobeh
Okawaru
Qazlal
Ru
Sif Muna
Trog
Uskayaw
Vehumet
Wu Jian
Xom
Yredelemnul
The Shining One

Annotations:
D:6 3 runed translucent doors, exclusion: oklob plant, thewurscht's ghost, novice DrFi
D:8 Joseph


Innate Abilities, Weirdness & Mutations

You can breathe waves of freezing cold.
You can buffet flying creatures when you breathe cold.
Your icy white scales are hard. (AC +7)
You cannot fit into any form of body armour.
Your flesh is cold resistant. (rC+)
You are cold-blooded and may be slowed by cold attacks.


Message History

Joseph unwields a +0 quarterstaff.
Joseph wields a +0 hunting sling.
Joseph shoots a sling bullet.
The sling bullet hits you!
You see here a sling bullet.
Joseph is nearby!
Joseph is nearby!
You start resting.
Joseph is nearby!
Joseph shoots a sling bullet.
You reflect the sling bullet off an invisible shield around you!
The sling bullet hits Joseph!!
Joseph shoots a sling bullet.
The sling bullet completely misses you.
Joseph zaps a wand.
The bolt of acid hits you!
You are splashed with acid!
Joseph zaps a wand.
The bolt of acid hits you!! The acid corrodes you!
You are splashed with acid!
* * * LOW HITPOINT WARNING * * *
You closely miss Joseph. You tail-slap Joseph.
Joseph is moderately wounded.
Unknown command.
You feel better.
Joseph zaps a wand.
The bolt of acid hits you!!
You die...

..#...# #'#.................##
.##...# ...............#+#....
......# . ...........#####.#.###
..######@.....#.......# #.#.# ###
#......#.......#####.#'### #
#......####...............
#......# #....(..........
########.....(####...............
...............@@................
#.........########..........)....
#....†..<.# #...............
#....†....# ###########.....
#.........# #..... #.........#
##'### #.........# #.#
#.........# #.# #.........# #.#


You could see Joseph.

Vanquished Creatures
  Pikel (D:4)
  Grinder (D:4)
  Prince Ribbit (D:7)
  A yak (D:8)
  A spriggan (D:7)
  A wyvern (D:8)
  Menkaure (D:7)
  4 water moccasins (D:8)
  3 ice beasts
  Duvessa (D:5)
  A sky beast (D:7)
  4 black bears (D:8)
  5 ogres
  A phantom (D:5)
  2 centaurs
  A big kobold (D:6)
  6 bullfrogs
  Blork the orc (D:4)
  Dowan (D:5)
  A water moccasin skeleton (D:6)
  4 scorpions
  4 killer bees (D:7)
  8 wights
  4 howler monkeys
  A hound (D:6)
  A bullfrog skeleton (D:6)
  4 jellies
  An iguana (D:5)
  7 worker ants
  A merfolk siren (Sewer)
  A killer bee zombie (D:5)
  A merfolk avatar (Sewer)
  A hound zombie (D:6)
  A hound skeleton (D:4)
  2 worker ant zombies
  15 adders
  3 gnolls (D:4)
  2 river rats (Sewer)
  A white imp (D:7)
  4 ufetubi
  An ooze (D:5)
  6 worms
  A dart slug (D:2)
  9 leopard geckos
  10 orcs
  4 giant cockroaches
  4 goblins
  5 hobgoblins
  12 jackals
  5 quokkas
  4 ball pythons
  4 bats
  10 frilled lizards
  11 kobolds
  A leopard gecko skeleton (D:6)
  26 rats
217 creatures vanquished.

Vanquished Creatures (others)
  31 fungi (D:8)
  74 plants
  11 toadstools (D:6)
116 creatures vanquished.

Grand Total: 333 creatures vanquished

Notes
Turn   | Place    | Note
-------+----------+-------------------------------------------
     0 | D:1      | KristoblXynda the Draconian Gladiator began the quest for
                  | the Orb.
     0 | D:1      | Reached XP level 1. HP: 17/17 MP: 1/1
   346 | D:1      | Reached XP level 2. HP: 23/25 MP: 2/2
   760 | D:2      | Reached XP level 3. HP: 30/30 MP: 3/3
  1171 | D:2      | Found a hazy altar of Hepliaklqana.
  1576 | D:3      | Reached XP level 4. HP: 35/38 MP: 4/4
  1586 | D:3      | Reached skill level 4 in Long Blades
  2241 | D:4      | Reached XP level 5. HP: 25/45 MP: 5/5
  2399 | D:4      | Noticed Pikel
  2399 | D:4      | Noticed a lemure
  2399 | D:4      | Noticed a lemure
  2399 | D:4      | Noticed a lemure
  2414 | D:4      | Killed Pikel
  2415 | D:4      | Reached skill level 6 in Long Blades
  2415 | D:4      | Reached XP level 6. HP: 18/53 MP: 6/6
  2415 | D:4      | Your scales start taking on an icy white colour.
  2415 | D:4      | Reached XP level 7. HP: 20/60 MP: 7/7
  2415 | D:4      | Gained mutation: Your flesh is cold resistant. (rC+) [White
                  | Draconian growth]
  2750 | D:4      | Found a sacrificial altar of Ru.
  2754 | D:4      | Noticed Blork the orc
  2768 | D:4      | Killed Blork the orc
  3259 | D:4      | Noticed Grinder
  3274 | D:4      | Reached skill level 5 in Fighting
  3274 | D:4      | Paralysed by Grinder for 6 turns
  3285 | D:4      | Killed Grinder
  3286 | D:4      | Reached skill level 7 in Long Blades
  3454 | D:5      | Entered Level 5 of the Dungeon
  3480 | D:5      | Noticed Duvessa
  3480 | D:5      | Noticed Dowan
  3486 | D:5      | Reached skill level 5 in Dodging
  3486 | D:5      | Reached XP level 8. HP: 44/68 MP: 8/8
  3491 | D:5      | Killed Duvessa
  3492 | D:5      | Reached skill level 1 in Shields
  3503 | D:5      | Killed Dowan
  4143 | D:5      | Reached skill level 8 in Long Blades
  4161 | D:5      | Found a stormy altar of Qazlal.
  4833 | D:6      | Found a shimmering altar of Xom.
  4883 | D:6      | Found a glowing drain.
  4888 | Sewer    | Entered a sewer
  4967 | Sewer    | Reached XP level 9. HP: 74/74 MP: 9/9
  5203 | D:6      | Reached skill level 9 in Long Blades
  5497 | D:6      | Found a runed translucent gate.
  5497 | D:6      | Found a runed translucent gate.
  5497 | D:6      | Found a runed translucent gate.
  5497 | D:6      | Noticed a kobold demonologist
  5497 | D:6      | Noticed thewurscht's ghost (novice DrFi)
  5696 | D:6      | Found a blossoming altar of Fedhas.
  5711 | D:6      | Noticed an oklob plant
  6196 | D:7      | Found a staircase to the Ecumenical Temple.
  6205 | Temple   | Entered the Ecumenical Temple
  6450 | Temple   | Became a worshipper of Ashenzari the Shackled
  6591 | D:7      | Reached skill level 10 in Long Blades
  6593 | D:7      | Noticed Menkaure
  6602 | D:7      | Killed Menkaure
  7293 | D:7      | Reached XP level 10. HP: 84/84 MP: 10/10
  7310 | D:7      | Found a snail-covered altar of Cheibriados.
  7392 | D:7      | Noticed Prince Ribbit
  7399 | D:7      | Killed Prince Ribbit
  7565 | D:8      | Reached skill level 1 in Evocations
  7645 | D:8      | Noticed Joseph
  7852 | D:8      | Found a staircase to the Lair.
  8167 | D:8      | Killed from afar by Joseph

Illustrated notes

Levels and vault maps discovered:
D:1:      scummos_arrival_simple_fountains, layout_basic
D:2:      layout_rooms, lemuel_coloured_pillars_altar, palyth_stone_intersect
D:3:      layout_loops_ring
D:4:      layout_basic, lemuel_crystal_altar, uniq_grinder, uniq_pikel,
          uniq_blork_the_orc
D:5:      layout_basic, grunt_qazlal_sundering, hangedman_decor_clover_reticule,
          minmay_lizard_king, uniq_duvessa
D:6:      layout_basic, tgw_fedhas, lightli_sewer_entry_pipes,
          gammafunk_ghost_nasty_kobolds, kennysheep_another_room,
          brannock_xom_greatest_gift
D:7:      layout_rooms, cheibrodos_worm_habitat, minmay_temple_entry_ruins,
          the_bakery, uniq_prince_ribbit1, uniq_menkaure
D:8:      layout_basic, zin_purify, due_lair_maze_entry_diamond, tgw_sif,
          uniq_harold, uniq_joseph
Temple:   nicolae_temple_elliptical

Skill      XL: |  1  2  3  4  5  6  7  8  9 10 |
---------------+-------------------------------+-----
Throwing       | 2 |  2.0
Dodging        | 3 4 5 6 7 |  7.7
Fighting       | 3 4 5 6 7 |  7.5
Long Blades    | 4 6 7 8 10 | 10.9
Shields        | 3 4 |  4.0
Evocations     | 2 |  2.9

Action                   |  1- 3 |  4- 6 |  7- 9 | 10-12 || total
-------------------------+-------+-------+-------+-------++-------
Melee: Long sword        |    88 |    42 |   463 |   116 ||   709
       Tailslap          |    10 |    11 |    50 |    18 ||    89
Invok: Curse Item        |       |       |     2 |       ||     2
 Abil: Breathe Frost     |       |       |     4 |       ||     4
Evoke: Wand              |       |       |     3 |       ||     3
  Use: Potion            |     1 |       |     2 |     1 ||     4
       Scroll            |       |       |    13 |       ||    13
 Stab: Sleeping          |       |       |     1 |       ||     1
Armor: Skin              |    30 |    23 |    98 |    25 ||   176
Dodge: Dodged            |    77 |    40 |   266 |    55 ||   438
Block: Buckler           |       |       |   136 |    49 ||   185
       Reflection        |       |       |       |     2 ||     2
       Rpst.: Long sword |    23 |    10 |    79 |    20 ||   132

Table legend: (Time is in decaauts)
 A = Elapsed time spent in this place.
 B = Non-inter-level travel time spent in this place.
 C = Inter-level travel time spent in this place.
 D = Time resting spent in this place.
 E = Time spent auto-exploring this place.
 F = Levels seen in this place.
 G = Mean time per level.
                   A        B        C        D        E       F      G
               +--------+--------+--------+--------+--------+-----+--------+
         Total |   8234 |   7962 |    272 |   2101 |   4033 |  10 |  823.4 |
       Dungeon |   7582 |   7338 |    244 |   1871 |   3934 |   8 |  947.8 |
        Temple |    377 |    349 |     28 |    213 |     99 |   1 |  377.0 |
         Sewer |    274 |    274 |      0 |     17 |      0 |   1 |  274.0 |
               +--------+--------+--------+--------+--------+-----+--------+

Top non-repeatable levels by time:
     D:5: 1306 daAuts
     D:4: 1234 daAuts
     D:7: 1119 daAuts
     D:6: 1027 daAuts
     D:2: 916 daAuts
     D:1: 672 daAuts
     D:3: 659 daAuts
     D:8: 646 daAuts
  Temple: 377 daAuts
   Sewer: 274 daAuts
